TOP OF THE 1ST |
Fresno Grizzlies batting - Pitching for Charlotte Knights : RHP Tyler Jack
|
Pitching: RHP Tyler Jack
|
|
Batting: RHB Trevor Mock
|
0-0: Swinging Strike 0-1: SINGLE (Groundball, 56S, EV 68.8 MPH) (infield hit)
|
Batting: LHB Mike Davis
|
0-0: Called Strike Trevor Mock steals 2nd base 0-1: Ball 1-1: Called Strike 1-2: Strikes out swinging
|
Batting: SHB Troy Kenyon
|
0-0: Foul Ball, location: 2F 0-1: Foul Ball, location: 2F 0-2: Ground out 2-3 (Groundball, 15S, EV 70.0 MPH) Trevor Mock to third
|
Batting: LHB Anthony Howie
|
0-0: Called Strike 0-1: Ball 1-1: Ball 2-1: Ball 3-1: Foul Ball, location: 2F 3-2: Base on Balls
|
Batting: RHB Dave Glenn
|
0-0: Ball 1-0: Swinging Strike 1-1: 3-RUN HOME RUN (Flyball, 9D, EV 96.9 MPH), Distance : 364 ft
|
Batting: LHB Chris Redding
|
0-0: Called Strike 0-1: SINGLE (Line Drive, 89S, EV 105.0 MPH)
|
Batting: LHB Alex Alicea
|
0-0: Ball 1-0: Ball 2-0: Called Strike 2-1: Foul Ball, location: 2F 2-2: Strikes out swinging
|
Top of the 1st over - 3 runs, 3 hits, 0 errors, 1 left on base; Fresno 3 - Charlotte 0 |
BOTTOM OF THE 1ST |
Charlotte Knights batting - Pitching for Fresno Grizzlies : RHP Gerardo Huerta
|
Pitching: RHP Gerardo Huerta
|
|
Batting: LHB Hirakito Herring
|
0-0: Ball 1-0: Foul Ball, location: 2F 1-1: Swinging Strike 1-2: Fly out, F4 (Line Drive, 4, EV 63.8 MPH)
|
Batting: RHB Jeff Brower
|
0-0: Ball 1-0: Ball 2-0: Foul Ball, location: 2F 2-1: Ground out 4-3 (Groundball, 34D, EV 81.3 MPH)
|
Batting: LHB Sonny Flood
|
0-0: Called Strike 0-1: Swinging Strike 0-2: Ball 1-2: Ground out 4-3 (Groundball, 34D, EV 100.0 MPH)
|
Bottom of the 1st over - 0 runs, 0 hits, 0 errors, 0 left on base; Fresno 3 - Charlotte 0 |
TOP OF THE 2ND |
Fresno Grizzlies batting - Pitching for Charlotte Knights : RHP Tyler Jack
|
Batting: RHB Joe Berkhahn
|
0-0: Foul Ball, location: 2F 0-1: Ball 1-1: Foul Ball, location: 2F 1-2: Ball 2-2: Fly out, F6 (Popup, 6D, EV 55.0 MPH)
|
Batting: RHB Tom Carico
|
0-0: Swinging Strike 0-1: Called Strike 0-2: Ball 1-2: Strikes out swinging
|
Batting: RHB Trevor Mock
|
0-0: Ball 1-0: Called Strike 1-1: Foul Ball, location: 2F 1-2: Strikes out looking
|
Top of the 2nd over - 0 runs, 0 hits, 0 errors, 0 left on base; Fresno 3 - Charlotte 0 |
BOTTOM OF THE 2ND |
Charlotte Knights batting - Pitching for Fresno Grizzlies : RHP Gerardo Huerta
|
Batting: RHB Darwin Mills
|
0-0: Called Strike 0-1: Foul Ball, location: 2F 0-2: Ball 1-2: Foul Ball, location: 2F 1-2: Strikes out swinging
|
Batting: RHB Will Washburn
|
0-0: SINGLE (Line Drive, 9S, EV 108.8 MPH)
|
Batting: RHB Erik Christensen
|
0-0: Ball 1-0: Called Strike 1-1: Ball 2-1: Called Strike 2-2: Strikes out swinging
|
Batting: RHB Jeff Cox
|
0-0: Ball 1-0: Ball 2-0: Fielders Choice at 2nd, 6-4 (Groundball, 6, EV 103.1 MPH)
|
Bottom of the 2nd over - 0 runs, 1 hit, 0 errors, 1 left on base; Fresno 3 - Charlotte 0 |
TOP OF THE 3RD |
Fresno Grizzlies batting - Pitching for Charlotte Knights : RHP Tyler Jack
|
Batting: LHB Mike Davis
|
0-0: Swinging Strike 0-1: Swinging Strike 0-2: Ball 1-2: Ground out 6-3 (Groundball, 6, EV 102.5 MPH)
|
Batting: SHB Troy Kenyon
|
0-0: Ground out 4-3 (Groundball, 4, EV 79.4 MPH)
|
Batting: LHB Anthony Howie
|
0-0: Ball 1-0: Ball 2-0: Ball 3-0: Called Strike 3-1: Base on Balls
|
Batting: RHB Dave Glenn
|
0-0: Ball 1-0: Called Strike 1-1: Ball 2-1: Called Strike 2-2: Fly out, F3 (Popup, 34S, EV 71.9 MPH)
|
Top of the 3rd over - 0 runs, 0 hits, 0 errors, 1 left on base; Fresno 3 - Charlotte 0 |
BOTTOM OF THE 3RD |
Charlotte Knights batting - Pitching for Fresno Grizzlies : RHP Gerardo Huerta
|
Batting: RHB Jake Savell
|
0-0: Ball 1-0: Called Strike 1-1: Ball 2-1: SINGLE (Line Drive, 9S, EV 91.9 MPH)
|
Batting: RHB Harvey Harvey
|
0-0: Ball Wild Pitch! Jake Savell to second 1-0: Ball 2-0: Foul Ball, location: 2F 2-1: Ground out 6-3 (Groundball, 6, EV 81.3 MPH) Jake Savell to third
|
Batting: LHB Hirakito Herring
|
0-0: Called Strike 0-1: Ball 1-1: Called Strike 1-2: Foul Ball, location: 2F 1-2: Ball 2-2: Ball 3-2: Base on Balls
|
Batting: RHB Jeff Brower
|
0-0: Called Strike 0-1: Ball 1-1: Called Strike 1-2: Foul Ball, location: 2F 1-2: Foul Ball, location: 2F 1-2: Ball 2-2: Ball 3-2: 3-RUN HOME RUN (Flyball, 7D, EV 99.4 MPH), Distance : 362 ft
|
Batting: LHB Sonny Flood
|
0-0: Called Strike 0-1: Foul Ball, location: 2F 0-2: Foul Ball, location: 2F 0-2: Foul Ball, location: 2F 0-2: Foul Ball, location: 2F 0-2: Ball 1-2: Ball 2-2: Ball 3-2: Fly out, F8 (Flyball, 8RD, EV 92.5 MPH)
|
Batting: RHB Darwin Mills
|
0-0: Ball 1-0: Swinging Strike 1-1: Ball 2-1: Fly out, F8 (Flyball, 8RM, EV 71.9 MPH)
|
Bottom of the 3rd over - 3 runs, 2 hits, 0 errors, 0 left on base; Fresno 3 - Charlotte 3 |
TOP OF THE 4TH |
Fresno Grizzlies batting - Pitching for Charlotte Knights : RHP Tyler Jack
|
Batting: LHB Chris Redding
|
0-0: Foul Ball, location: 2F 0-1: Ball 1-1: Called Strike 1-2: Strikes out swinging
|
Batting: LHB Alex Alicea
|
0-0: Swinging Strike 0-1: Fly out, F7 (Flyball, 7LS, EV 78.1 MPH)
|
Batting: RHB Joe Berkhahn
|
0-0: Foul Ball, location: 2F 0-1: Ball 1-1: Called Strike 1-2: Strikes out swinging, 2-3 out at first.
|
Top of the 4th over - 0 runs, 0 hits, 0 errors, 0 left on base; Fresno 3 - Charlotte 3 |
BOTTOM OF THE 4TH |
Charlotte Knights batting - Pitching for Fresno Grizzlies : RHP Gerardo Huerta
|
Batting: RHB Will Washburn
|
0-0: Foul Ball, location: 2F 0-1: Swinging Strike 0-2: Strikes out swinging
|
Batting: RHB Erik Christensen
|
0-0: Foul Ball, location: 2F 0-1: Swinging Strike 0-2: Ball 1-2: Foul Ball, location: 2F 1-2: Ball 2-2: Foul Ball, location: 2F 2-2: Ball 3-2: Foul Ball, location: 2F 3-2: Foul Ball, location: 2F 3-2: Foul Ball, location: 2F 3-2: Strikes out swinging
|
Batting: RHB Jeff Cox
|
0-0: Called Strike 0-1: Fly out, F9 (Flyball, 9LD, EV 100.0 MPH)
|
Bottom of the 4th over - 0 runs, 0 hits, 0 errors, 0 left on base; Fresno 3 - Charlotte 3 |
TOP OF THE 5TH |
Fresno Grizzlies batting - Pitching for Charlotte Knights : RHP Tyler Jack
|
Batting: RHB Tom Carico
|
0-0: Ball 1-0: Fly out, F6 (Popup, 6M, EV 67.5 MPH)
|
Batting: RHB Trevor Mock
|
0-0: Fly out, F6 (Flyball, 56D, EV 93.1 MPH)
|
Batting: LHB Mike Davis
|
0-0: Ball 1-0: Fly out, F5 (Popup, 5SF, EV 69.4 MPH)
|
Top of the 5th over - 0 runs, 0 hits, 0 errors, 0 left on base; Fresno 3 - Charlotte 3 |
BOTTOM OF THE 5TH |
Charlotte Knights batting - Pitching for Fresno Grizzlies : RHP Gerardo Huerta
|
Batting: RHB Jake Savell
|
0-0: Ball 1-0: Called Strike 1-1: Foul Ball, location: 2F 1-2: Foul Ball, location: 2F 1-2: Ball 2-2: Foul Ball, location: 2F 2-2: Ball 3-2: Strikes out swinging
|
Batting: RHB Harvey Harvey
|
0-0: Ball 1-0: Called Strike 1-1: Ground out U3 (Groundball, 13, EV 88.1 MPH)
|
Batting: LHB Hirakito Herring
|
0-0: Ball 1-0: Ball 2-0: SOLO HOME RUN (Flyball, 9D, EV 95.6 MPH), Distance : 375 ft
|
Batting: RHB Jeff Brower
|
0-0: SINGLE (Groundball, 4MD, EV 108.8 MPH)
|
Batting: LHB Sonny Flood
|
0-0: Foul Ball, location: 2F 0-1: Foul Ball, location: 2F 0-2: Ball 1-2: Strikes out swinging
|
Bottom of the 5th over - 1 run, 2 hits, 0 errors, 1 left on base; Fresno 3 - Charlotte 4 |
TOP OF THE 6TH |
Fresno Grizzlies batting - Pitching for Charlotte Knights : RHP Tyler Jack
|
Batting: SHB Troy Kenyon
|
0-0: Ball 1-0: Foul Ball, location: 2F 1-1: Foul Ball, location: 2F 1-2: Ball 2-2: Ball 3-2: Ground out 1-3 (Groundball, 23, EV 69.4 MPH)
|
Batting: LHB Anthony Howie
|
0-0: DOUBLE (Line Drive, 7LD, EV 110.0 MPH)
|
Batting: RHB Dave Glenn
|
0-0: Foul Ball, location: 2F 0-1: Ball 1-1: Ball 2-1: Ball 3-1: SINGLE (Groundball, 3D, EV 98.1 MPH) Anthony Howie to third Runner from 3rd tries for Home, SAFE, throw by RF to home
|
Batting: LHB Chris Redding
|
0-0: Called Strike Dave Glenn steals 2nd base 0-1: Ball 1-1: Ball 2-1: Foul Ball, location: 2F 2-2: Fly out, F9 (Flyball, 89M, EV 95.6 MPH)
|
Batting: LHB Alex Alicea
|
0-0: Foul Ball, location: 2F 0-1: Called Strike 0-2: Ball 1-2: Ball 2-2: Ball 3-2: Foul Ball, location: 2F 3-2: Fly out, F3 (Line Drive, 3, EV 60.0 MPH)
|
Top of the 6th over - 1 run, 2 hits, 0 errors, 1 left on base; Fresno 4 - Charlotte 4 |
BOTTOM OF THE 6TH |
Charlotte Knights batting - Pitching for Fresno Grizzlies : RHP Gerardo Huerta
|
Pitching: RHP Tommy Cunningham
|
|
Batting: RHB Darwin Mills
|
0-0: SINGLE (Groundball, 56D, EV 96.3 MPH)
|
Batting: RHB Will Washburn
|
0-0: Fielders Choice at 2nd, 1-6 (Groundball, 13S, EV 66.9 MPH)
|
Batting: RHB Erik Christensen
|
0-0: Ball 1-0: Foul Ball, location: 2F 1-1: Swinging Strike 1-2: Fly out, F8 (Flyball, 8LS, EV 81.9 MPH)
|
Batting: RHB Jeff Cox
|
0-0: Ground out U3 (Groundball, 3, EV 105.0 MPH)
|
Bottom of the 6th over - 0 runs, 1 hit, 0 errors, 1 left on base; Fresno 4 - Charlotte 4 |
TOP OF THE 7TH |
Fresno Grizzlies batting - Pitching for Charlotte Knights : RHP Tyler Jack
|
Batting: RHB Joe Berkhahn
|
0-0: Ball 1-0: Ground out 4-3 (Groundball, 4, EV 85.0 MPH)
|
Batting: RHB Tom Carico
|
0-0: Ball 1-0: Called Strike 1-1: Fly out, F7 (Flyball, 78D, EV 96.9 MPH)
|
Batting: RHB Trevor Mock
|
0-0: Ball 1-0: Ball 2-0: Ball 3-0: Called Strike 3-1: Ground out 5-3 (Groundball, 56S, EV 86.3 MPH)
|
Top of the 7th over - 0 runs, 0 hits, 0 errors, 0 left on base; Fresno 4 - Charlotte 4 |
BOTTOM OF THE 7TH |
Charlotte Knights batting - Pitching for Fresno Grizzlies : RHP Tommy Cunningham
|
Batting: RHB Jake Savell
|
0-0: Ball 1-0: Fly out, F6 (Flyball, 56D, EV 93.1 MPH)
|
Batting: RHB Harvey Harvey
|
0-0: Ball 1-0: Swinging Strike 1-1: Foul Ball, location: 2F 1-2: Ball 2-2: Foul Ball, location: 2F 2-2: Ground out 5-3 (Groundball, 5S, EV 66.9 MPH)
|
Batting: LHB Hirakito Herring
|
0-0: Ball 1-0: Called Strike 1-1: Foul Ball, location: 2F 1-2: Ball 2-2: SINGLE (Line Drive, 78S, EV 97.5 MPH)
|
Batting: RHB Jeff Brower
|
0-0: Ground out 4-3 (Groundball, 34, EV 80.0 MPH)
|
Bottom of the 7th over - 0 runs, 1 hit, 0 errors, 1 left on base; Fresno 4 - Charlotte 4 |
TOP OF THE 8TH |
Fresno Grizzlies batting - Pitching for Charlotte Knights : RHP Tyler Jack
|
Pitching: LHP Joel Campbell
|
|
Batting: LHB Mike Davis
|
0-0: Called Strike 0-1: Ball 1-1: SINGLE (Groundball, 34D, EV 95.0 MPH)
|
Batting: SHB Troy Kenyon
|
0-0: Ball 1-0: Ball 2-0: SINGLE (Line Drive, 8RS, EV 112.5 MPH) Mike Davis to second
|
Batting: LHB Anthony Howie
|
0-0: Called Strike 0-1: Ball 1-1: Ball 2-1: Ball 3-1: Called Strike 3-2: Base on Balls Mike Davis to third Troy Kenyon to second
|
Batting: RHB Dave Glenn
|
0-0: Ball 1-0: Called Strike 1-1: Ball 2-1: Foul Ball, location: 2F 2-2: Strikes out looking
|
Batting: LHB Chris Redding
|
0-0: Called Strike 0-1: Ball 1-1: Foul Ball, location: 2F 1-2: Ball 2-2: Foul Ball, location: 2F 2-2: SINGLE (Groundball, 4D, EV 100.0 MPH) Mike Davis scores Troy Kenyon to third Anthony Howie to second
|
Batting: LHB Alex Alicea
|
0-0: Foul Ball, location: 2F 0-1: Swinging Strike 0-2: Strikes out swinging
|
Batting: RHB Joe Berkhahn
|
0-0: Called Strike 0-1: Called Strike 0-2: Ground out U3 (Groundball, 3S, EV 83.8 MPH)
|
Top of the 8th over - 1 run, 3 hits, 0 errors, 3 left on base; Fresno 5 - Charlotte 4 |
BOTTOM OF THE 8TH |
Charlotte Knights batting - Pitching for Fresno Grizzlies : RHP Tommy Cunningham
|
Batting: LHB Sonny Flood
|
0-0: Foul Ball, location: 2F 0-1: Swinging Strike 0-2: Ball 1-2: Strikes out looking
|
Batting: RHB Darwin Mills
|
0-0: Swinging Strike 0-1: Ball 1-1: Ball 2-1: Ground out 6-3 (Groundball, 6, EV 84.4 MPH)
|
Batting: RHB Will Washburn
|
0-0: Called Strike 0-1: Ball 1-1: Swinging Strike 1-2: Ball 2-2: Strikes out looking
|
Bottom of the 8th over - 0 runs, 0 hits, 0 errors, 0 left on base; Fresno 5 - Charlotte 4 |
TOP OF THE 9TH |
Fresno Grizzlies batting - Pitching for Charlotte Knights : LHP Joel Campbell
|
Pitching: RHP Stanislav Mamatsev
|
|
Batting: RHB Tom Carico
|
0-0: Fly out, F6 (Popup, P, EV 73.8 MPH)
|
Batting: RHB Trevor Mock
|
0-0: Called Strike 0-1: Foul Ball, location: 2F 0-2: Strikes out swinging
|
Batting: LHB Mike Davis
|
0-0: Ground out 4-3 (Groundball, 4M, EV 83.8 MPH)
|
Top of the 9th over - 0 runs, 0 hits, 0 errors, 0 left on base; Fresno 5 - Charlotte 4 |
BOTTOM OF THE 9TH |
Charlotte Knights batting - Pitching for Fresno Grizzlies : RHP Tommy Cunningham
|
Pitching: RHP Jose Guajardo
|
|
Batting: RHB Erik Christensen
|
0-0: Foul Ball, location: 2F 0-1: Foul Ball, location: 2F 0-2: Hit by Pitch
|
Pinch Hitting: LHB Jake Goddard
|
0-0: Ball 1-0: 2-RUN HOME RUN (Line Drive, 9D, EV 97.5 MPH), Distance : 378 ft
|
Bottom of the 9th over - 2 runs, 1 hit, 0 errors, 0 left on base; Fresno 5 - Charlotte 6 |
|
Game Over ... Charlotte defeats Fresno, 6 to 5
|
|
|